 Dungeon Crawl Stone Soup version 0.17.0-28-g6e173f8 (webtiles) character file.

32 septik the Magician (level 3, -1/19 HPs)
             Began as a Deep Elf Ice Elementalist on Nov 30, 2015.
             Slain by Jessica
             ... wielding a +0 dagger
              (6 damage)
             ... on level 2 of the Dungeon.
             The game lasted 00:04:00 (1144 turns).

septik the Magician (Deep Elf Ice Elementalist)     Turns: 1144, Time: 00:04:00

Health: -1/19      AC:  3    Str:  5    XL:     3   Next: 10%
Magic:  4/10       EV: 13    Int: 20    God:
Gold:   59         SH:  0    Dex: 15    Spells: 1 memorised, 9 levels left

rFire  . . .     SeeInvis .     (no weapon)
rCold  . . .     Clarity  .     n - -2 robe (curse)
rNeg   . . .     SustAt   .     (no shield)
rPois  .         Gourm    .     e - +2 helmet
rElec  .         Spirit   .     (no cloak)
rCorr  .         Warding  .     (no gloves)
rMut   .         Stasis   .     (no boots)
MR     .....                    (no amulet)
Stlth  ++........               (no ring)
                                (no ring)

@: not resistant to hostile enchantments, unstealthy
A: no striking features
a: no special abilities


You were on level 2 of the Dungeon.
You were hungry.

You visited 1 branch of the dungeon, and saw 2 of its levels.

You collected 59 gold pieces.

Inventory:

Missiles
 d - 18 stones (quivered)
Armour
 a - a +1 robe
 e - a +2 helmet (worn)
 n - a cursed -2 robe (worn)
Scrolls
 m - a scroll of identify
Potions
 f - a potion of flight {unknown}
 h - a potion of might
Books
 b - a book of Frost

   Spells                             Type                      Level
   a - Freeze                         Ice                          1
   b - Throw Frost                    Conjuration/Ice              2
   c - Ozocubu's Armour               Charms/Ice                   3
   d - Throw Icicle                   Conjuration/Ice              4
   e - Summon Ice Beast               Ice/Summoning                4
   f - Condensation Shield            Ice                          4
Miscellaneous
 k - a plain deck of escape
Comestibles
 c - a bread ration
 g - a royal jelly
 i - a meat ration
 j - 11 chunks of flesh
 l - a beef jerky


   Skills:
 - Level 2.4 Dodging
 - Level 2.4 Stealth
 + Level 4.3 Spellcasting
   Level 1.1 Conjurations
 + Level 3.8 Ice Magic


You had 9 spell levels left.
You knew the following spells:

 Your Spells              Type           Power        Failure   Level  Hunger
a - Freeze                Ice            ###.         2%          1    None


Dungeon Overview and Level Annotations

Branches:
Dungeon (2/15)

Altars:
Dithmenos
Nemelex Xobeh

Annotations:
D:2 Jessica


Message History

Confirm with . or Enter, or press ? or * to list all spells.
Aiming: Freeze
Press: ? - help, Shift-Dir - straight line, f - Jessica
Aim: Jessica, wielding a dagger and wearing a robe (fast)
You freeze Jessica.
Jessica is lightly wounded.
Jessica barely misses you.
Casting: Freeze
Confirm with . or Enter, or press ? or * to list all spells.
Aiming: Freeze
Press: ? - help, Shift-Dir - straight line, f/p - Jessica
Aim: Jessica, wielding a dagger and wearing a robe (lightly wounded, fast)
You freeze Jessica.
Jessica is heavily wounded.
Jessica gestures wildly while chanting.
Jessica blinks!
Jessica shouts, "You're disturbing me!
I'll have to kill you!"
Jessica mumbles something strange.
Jessica hits you with a dagger.
You die...

......#................##.####.#.
##...........................[...
..<.......................####.#.
..##.....######.#...##(#######.##
#.##.....# #%#...##......##.##
...#,....####*#.#...##......+...)
..##,....#....#.#...##......#....
..#*,,...#....#.............+....
..###+#+#.......@...##......#....
.......,#######@#...##.#..###....
..##..#,...........(##.##.# #....
......#,#####.#)###.##.##.###....
.......,.........†..........(....
......#,##.......##.##.###.###...
......#,#.......(......# #.###...
......#,#####.##(##.#### #......#
......#,* #.*#(##.# #......#


You could see Jessica.

Vanquished Creatures
  An adder (D:2)
  A ball python (D:1)
  A giant cockroach (D:1)
  4 hobgoblins
  2 kobolds
  6 bats
  3 giant newts
  4 goblins
  3 rats
25 creatures vanquished.

Notes
Turn   | Place    | Note
--------------------------------------------------------------
     0 | D:1      | septik the Deep Elf Ice Elementalist began the quest for the Orb.
     0 | D:1      | Reached XP level 1. HP: 10/10 MP: 6/6
   383 | D:1      | Reached XP level 2. HP: 15/15 MP: 6/8
   476 | D:1      | Found a sparkling altar of Nemelex Xobeh.
   828 | D:2      | Reached skill level 4 in Spellcasting
   962 | D:2      | Found a shadowy altar of Dithmenos.
  1092 | D:2      | Noticed Jessica
  1109 | D:2      | Reached XP level 3. HP: 19/19 MP: 5/10
  1144 | D:2      | Slain by Jessica

Action                   || total
-------------------------++-------
Melee: Unarmed           ||     4
 Cast: Freeze            ||    35
  Use: Scroll            ||     3
 Stab: Sleeping          ||     1
